 Dungeon Crawl Stone Soup version 0.31.0-9-g3a7656b989 (webtiles) character file.

Game seed: 9486946623016333168

58 qw the Shooter (level 3, -1/20 HPs)
             Began as a Deep Elf Hunter on Feb 2, 2024.
             Slain by Ijyb
             ... wielding a +0 club
              (4 damage)
             ... on level 3 of the Dungeon.
             The game lasted 00:00:04 (1426 turns).

qw the Shooter (Deep Elf Hunter)                    Turns: 1426, Time: 00:00:04

Health: -1/20      AC:  3    Str: 10    XL:     3   Next: 75%
Magic:  5/5        EV: 12    Int: 13    God:
Gold:   182        SH:  0    Dex: 18    Spells: 2/2 levels left

rFire   . . .        a - +0 shortbow
rCold   . . .        (shield currently unavailable)
rNeg    . . .        c - +0 leather armour
rPois   .            (no helmet)
rElec   .            (no cloak)
rCorr   .            (no gloves)
SInv    .            (no boots)
Will    .....        (no amulet)
Stlth   ++           (no ring)
HPRegen 0.23/turn    (no ring)
MPRegen 0.09/turn

%: no passive effects
@: about to teleport
A: no striking features
a: no special abilities


You were on level 3 of the Dungeon.
You visited 1 branch of the dungeon, and saw 3 of its levels.

You collected 182 gold pieces.


   Skills:
 - Level 1.5 Fighting
 + Level 7.2 Ranged Weapons
 - Level 2.4 Dodging
 - Level 1.2 Stealth


You had 2 spell levels left.
You didn't know any spells.
Your spell library was empty.

Inventory:

Hand Weapons
 a - a +0 shortbow (weapon)
Armour
 c - a +0 leather armour (worn)
Scrolls
 b - a scroll of teleportation
Potions
 d - a potion of might
 e - a potion of heal wounds {unknown}
 f - 2 potions of curing

Dungeon Overview and Level Annotations

Branches:
Dungeon (3/15)

Altars:

Annotations:
D:2 1 runed translucent door, Crazy Yiuf, Natasha
D:3 Ijyb


Message History

Waypoint 2 assigned to D:3.
A giant cockroach comes into view.
You shoot an arrow. The arrow hits the giant cockroach.
You kill the giant cockroach!
Found a long sword.
You see here a +0 long sword.
You open the door.
There is an open door here.
e - a clear potion You open the door.
There is an open door here.
You now have 167 gold pieces (gained 7).
A quokka comes into view.
You shoot an arrow. The arrow hits the quokka!
You kill the quokka!
You now have 182 gold pieces (gained 15).
Ijyb the Twisted Goblin comes into view.
She is wielding a +0 club and carrying a wand of flame.
Ijyb shouts!
You shoot an arrow. The arrow hits Ijyb but does no damage.
Ijyb hits you with a +0 club.
You shoot an arrow. The arrow completely misses Ijyb.
Ijyb closely misses you.
You shoot an arrow. The arrow hits Ijyb but does no damage.
Ijyb zaps a wand.
The puff of flame hits you!
Ouch! That really hurt!
You shoot an arrow. The arrow hits Ijyb but does no damage.
Ijyb hits you with a +0 club.
1423 ||| READING 2 scrolls of teleportation.
As you read the scroll of teleportation, it crumbles to dust.
You feel strangely unstable. Ijyb misses you.
You shoot an arrow. The arrow hits Ijyb but does no damage.
Ijyb hits you with a +0 club.
You shoot an arrow. The arrow hits Ijyb.
Ijyb is lightly wounded.
Ijyb closely misses you.
You shoot an arrow. The arrow hits Ijyb.
Ijyb is lightly wounded.
Ijyb hits you with a +0 club.
You die...

#... ... #..
#.. #.# #
#.###.##.# #+#
#.....g..# #.#
#@#
#.########.#
##.##.......#
##...#.#######
#......#
##...#.#
##.##.#
#.###.##.#
#........#


You could see Ijyb.

Vanquished Creatures
  2 adders (D:2)
  A dart slug (D:2)
  2 ribbon worms (D:2)
  2 ball pythons (D:2)
  3 bats
  2 endoplasms
  3 giant cockroaches
  2 goblins
  4 hobgoblins
  4 kobolds
  3 quokkas
  A frilled lizard (D:2)
29 creatures vanquished.

Notes
Turn   | Place    | Note
-------+----------+-------------------------------------------
     0 | D:1      | qw the Deep Elf Hunter began the quest for the Orb.
     0 | D:1      | Reached XP level 1. HP: 12/12 MP: 3/3
     0 | D:1      | 0 ||| qw: Version: 0.3-a-155-g5e7d8dd
     0 | D:1      | 0 ||| qw: Game counter: 1645
     0 | D:1      | 0 ||| qw: Melee chars always use a shield: true
     0 | D:1      | 0 ||| qw: God list: Okawaru
     0 | D:1      | 0 ||| qw: Allow faded altars: false
     0 | D:1      | 0 ||| qw: Do Orc after clearing Dungeon:15 true
     0 | D:1      | 0 ||| qw: Do second Lair branch before Depths: true
     0 | D:1      | 0 ||| qw: Lair rune preference: random
     0 | D:1      | 0 ||| qw: Goals: Normal
     0 | D:1      | 0 ||| PLANNING D:1-11
    99 | D:1      | Reached XP level 2. HP: 16/16 MP: 4/4
   177 | D:1      | Reached skill level 6 in Ranged Weapons
   377 | D:1      | 377 ||| DROPPING +6 ring of intelligence.
   378 | D:1      | 378 ||| READING scroll labelled VEUMAIRENI.
   409 | D:1      | 409 ||| READING scroll labelled POYLACZIROCK.
   413 | D:1      | 413 ||| READING scroll labelled MUTENWEUNI.
   414 | D:1      | 414 ||| DRINKING 2 metallic yellow potions.
   415 | D:1      | 415 ||| DROPPING scroll of butterflies.
   493 | D:2      | Reached XP level 3. HP: 18/20 MP: 5/5
   590 | D:2      | Reached skill level 7 in Ranged Weapons
   883 | D:2      | Found a runed translucent door.
   883 | D:2      | Noticed Natasha
   884 | D:2      | Noticed Crazy Yiuf
  1119 | D:2      | Found a faded altar of an unknown god.
  1270 | D:2      | 1270 ||| READING scroll labelled IWEONNUTIW.
  1270 | D:2      | 1270 ||| IDENTIFYING silvery potion
  1271 | D:2      | 1271 ||| READING scroll labelled FUSHAKUEGH.
  1272 | D:2      | 1272 ||| READING scroll labelled FIFAOX USMAREF.
  1418 | D:3      | Noticed Ijyb
  1422 | D:3      | HP: 4/20 [Ijyb/+0 club (4)]
  1423 | D:3      | 1423 ||| READING 2 scrolls of teleportation.
  1426 | D:3      | Slain by Ijyb

Levels and vault maps discovered:
D:1:      spicycebolla_green_bress_n_ham_2, layout_rooms
D:2:      layout_basic, shapermc_ecumenical_altar_flowoftime,
          uniq_crazy_yiuf_cottage, uniq_natasha
D:3:      layout_loops_corners, uniq_ijyb

Skill      XL: |  1  2  3 |
---------------+----------+-----
Ranged Weapons | 6 7 |  7.2
Fighting       | |  1.5
Dodging        | |  2.4
Stealth        | |  1.2

Action                     || total
---------------------------++-------
   Fire: Shortbow          ||    97
    Use: Scroll            ||     7
         Potion            ||     1
 Armour: Leather armour    ||    18
  Dodge: Dodged            ||    18

Table legend:
 A = Non-vault XP
 B = Vault XP
 C = Vault XP percentage of total XP
 D = Non-vault monster count
 E = Vault monster count
 F = Vault count percentage of total count
                 A         B        C        D         E       F
            +---------+---------+-------+---------+---------+-------
      Total |      83 |       0 |   0.0 |      29 |       0 |   0.0
            +---------+---------+-------+---------+---------+-------
        D:1 |      17 |       0 |   0.0 |       9 |       0 |   0.0
        D:2 |      62 |       0 |   0.0 |      18 |       0 |   0.0
        D:3 |       4 |       0 |   0.0 |       2 |       0 |   0.0
            +---------+---------+-------+---------+---------+-------
